 Dungeon Crawl Stone Soup version 0.31-a0-1009-g454b1f1e0a (webtiles) character file.

Game seed: 3184914324310319478

9 Azuregosa the Sneak (level 2, -9/21 HPs)
             Began as an Octopode Delver on Nov 14, 2023.
             Mangled by a gnoll
             ... wielding a +2 spear of venom
              (12 damage)
             ... on level 3 of the Dungeon.
             The game lasted 00:02:28 (248 turns).

Azuregosa the Sneak (Octopode Delver)                Turns: 248, Time: 00:02:29

Health: -9/21      AC:  1    Str: 11    XL:     2   Next: 16%
Magic:  0/2        EV: 13    Int: 12    God:
Gold:   66         SH:  0    Dex: 13    Spells: 1/1 levels left

rFire   . . .        j - +1 glaive (venom)
rCold   . . .        (shield currently unavailable)
rNeg    . . .        (helmet restricted)
rPois   .            (no amulet)
rElec   .            (no ring)
rCorr   .            (no ring)
SInv    .            (no ring)
Will    .....        (no ring)
Stlth   ++++         (no ring)
HPRegen 0.23/turn    (no ring)
MPRegen 0.08/turn    (no ring)
                     (no ring)

%: no passive effects
@: no status effects
A: almost no armour, amphibious, 8 rings, camouflage 1, gelatinous body 1,
(nimble swimmer 1), tentacles
a: no special abilities


You were on level 3 of the Dungeon.
You visited 1 branch of the dungeon, and saw 3 of its levels.

You collected 66 gold pieces.

Inventory:

Hand Weapons
 j - a +1 glaive of venom (weapon)
Missiles
 b - 2 darts of dispersal
 f - 2 boomerangs
 g - 11 stones
Wands
 e - a wand of digging (3)
Scrolls
 a - 2 scrolls of fog
 c - a scroll of fear
 h - a scroll of identify {unknown}
Potions
 d - 2 potions of haste
 i - a potion of cancellation {unknown}
 k - a potion of attraction {unknown}
 l - a potion of curing {unknown}


   Skills:
 - Level 3.0 Fighting
 - Level 2.0 Dodging
 + Level 7.2 Stealth
 - Level 2.0 Unarmed Combat


You had one spell level left.
You didn't know any spells.
Your spell library was empty.

Dungeon Overview and Level Annotations

Branches:
Dungeon (5/15)
 Temple: D:4-7

Altars:

Annotations:
D:4 1 runed translucent door, night's ghost, amateur TeHu


Innate Abilities, Weirdness & Mutations

You cannot wear most types of armour.
You are amphibious.
You can wear up to eight rings at the same time.
Your skin changes colour to match your surroundings (Stealth+).
Your rubbery body absorbs attacks. (AC +1, EV +1)
((You are camouflaged when in or above water. (Stealth+)))
You have tentacles for arms and can constrict up to eight enemies at once.


Message History

Ouch! That really hurt!
You barely miss the worm. You grab the worm. You squeeze the worm.
The worm is severely wounded.
You constrict the worm.
You kill the worm!
Your Stealth skill increases to level 7!
You have reached level 2!
You see here a worm corpse.
Found a dark potion.
l - a dark potion HP restored.
A gnoll and an orc come into view.
The gnoll is wielding a +2 spear of venom.
The orc is wielding a +0 antimagic whip.
The orc shouts!
You hear a shout!
A gnoll comes into view. It is wielding a +0 flail.
A gnoll comes into view. It is wielding a +0 whip.
A gnoll comes into view. It is wielding a +3 halberd.
Reach: j) +1 glaive (venom)
Press: ? - help, Dir - move target, f - orc
Aim: an orc, wielding a +0 antimagic whip (about 50% to evade your +1 glaive of venom)
You reach to attack!
You closely miss the orc.
The orc hits you with a +0 antimagic whip.
You feel your power leaking away.
You barely miss the orc.
The gnoll shouts! x3
You grab the orc. You tentacle-slap the orc.
The orc is moderately wounded.
You constrict the orc, but do no damage.
The orc hits you with a +0 antimagic whip.
You slash the orc!
You kill the orc!
The gnoll hits you with a +0 whip.
You hit the gnoll. You grab the gnoll.
The gnoll is moderately wounded.
You constrict the gnoll. The gnoll hits you with a +0 flail!
* * * LOW HITPOINT WARNING * * *
The gnoll closely misses you.
The gnoll hits you from afar with a +2 spear of venom!
Ouch! That really hurt!
You die...

#######
#######...#######
##...###...###...##
##....###...###....##
##..#gg##.....##..#..###
#..##.g#...#...#..##..##
#..###g@..###....###..##
#..###....###....###..##
#..####...###...####..##
... ################....
. ##.##... #.....##.#
#........# ........#
#.......


You could see 4 gnolls.

Vanquished Creatures
  A worm (D:3)
  An orc (D:3)
  2 hobgoblins (D:4)
  2 kobolds (D:3)
6 creatures vanquished.

Notes
Turn   | Place    | Note
-------+----------+-------------------------------------------
     0 | D:5      | Azuregosa the Octopode Delver began the quest for the Orb.
     0 | D:5      | Reached XP level 1. HP: 16/16 MP: 1/1
   122 | D:4      | Found a runed translucent door.
   146 | D:4      | Noticed night's ghost (amateur TeHu)
   181 | D:3      | Reached skill level 7 in Stealth
   181 | D:3      | Reached XP level 2. HP: 8/21 MP: 2/2
   248 | D:3      | Mangled by a gnoll

Illustrated notes

Levels and vault maps discovered:
D:3:      wad_lake_hut, layout_basic, ebering_ecumenical_altar_petrified,
          hangedman_glass_teeth, minmay_cupped, uniq_natasha, uniq_robin,
          uniq_grinder
D:4:      layout_loops_cross, ebering_ghost_sewer_d, uniq_ijyb
D:5:      layout_cave_pools, kennysheep_generic_room_2, uniq_edmund

Skill      XL: |  1 |
---------------+----+-----
Stealth        | 7 |  7.2
Fighting       | |  3.0
Dodging        | |  2.0
Unarmed Combat | |  2.0

Action                     || total
---------------------------++-------
  Melee: Glaive            ||     9
         Unarmed           ||     5
         Constrict         ||     5
         Tentacles         ||     3
         Punch             ||     1
    Use: Scroll            ||     1
   Stab: Sleeping          ||     3
 Armour: Skin              ||     6
  Dodge: Dodged            ||     3

Table legend: (Time is in decaauts)
 A = Elapsed time spent in this place.
 B = Non-inter-level travel time spent in this place.
 C = Inter-level travel time spent in this place.
 D = Time resting spent in this place.
 E = Time spent auto-exploring this place.
 F = Levels seen in this place.
 G = Mean time per level.
                   A        B        C        D        E       F      G
               +--------+--------+--------+--------+--------+-----+--------+
         Total |    252 |    252 |      0 |      0 |     68 |   3 |   84.0 |
       Dungeon |    252 |    252 |      0 |      0 |     68 |   3 |   84.0 |
               +--------+--------+--------+--------+--------+-----+--------+

Top non-repeatable levels by time:
     D:4: 113 daAuts
     D:3: 96 daAuts
     D:5: 43 daAuts
